 Dungeon Crawl Stone Soup version 0.29-a0-878-g7b45a56547 (webtiles) character file.

Game seed: 16446779988301555051

542 Locuples the Destroyer (level 7, 0/32 HPs)
             Began as a Deep Elf Conjurer on July 20, 2022.
             Shot with an arrow by a centaur (9 damage)
             ... on level 5 of the Dungeon.
             The game lasted 00:09:53 (3829 turns).

Locuples the Destroyer (Deep Elf Conjurer)          Turns: 3829, Time: 00:09:54

Health: 0/32       AC:  7    Str:  4    XL:     7   Next: 6%
Magic:  19/20      EV: 12    Int: 25    God:
Gold:   286        SH:  0    Dex: 13    Spells: 18/19 levels left

rFire   . . .      SeeInvis .   u - +2 quarterstaff (speed)
rCold   . . .      Faith    .   (shield currently unavailable)
rNeg    + . .      Spirit   .   a - +0 robe
rPois   .          Reflect  .   r - +1 helmet
rElec   .          Harm     .   c - +2 cloak
rCorr   .          Rampage  .   (no gloves)
Will    .....      Rage     3%  (no boots)
Stlth   ++........              (no amulet)
HPRegen 0.10/turn               l - ring of positive energy
MPRegen 0.17/turn               (no ring)

@: no status effects
A: berserk 1, frail 1, high MP 1, MP-powered wands
a: no special abilities


You were on level 5 of the Dungeon.
You visited 2 branches of the dungeon, and saw 6 of its levels.

You collected 286 gold pieces.

Inventory:

Hand Weapons
 u - a +2 quarterstaff of speed (weapon)
Armour
 a - a +0 robe (worn)
 c - a +2 cloak (worn)
 r - a +1 helmet (worn)
Jewellery
 l - a ring of positive energy (left hand)
Wands
 p - a wand of flame (14)
 s - a wand of charming (8)
 v - a wand of digging (5)
Scrolls
 e - a scroll of immolation {unknown}
 f - a scroll of magic mapping {unknown}
 g - a scroll of blinking {unknown}
 h - 2 scrolls of teleportation {unknown}
 k - 6 scrolls of identify {unknown}
 n - 3 scrolls of enchant armour {unknown}
 o - a scroll of enchant weapon {unknown}
Potions
 b - a potion of magic
 d - a potion of lignification {unknown}
 i - a potion of curing {unknown}
 j - a potion of heal wounds
 m - a potion of invisibility {unknown}
 q - 2 potions of mutation
 t - a potion of flight {unknown}


   Skills:
 - Level 2.4 Dodging
 - Level 2.4 Stealth
 + Level 6.5 Spellcasting
 + Level 8.0 Conjurations


You had 18 spell levels left.
You knew the following spells:

 Your Spells              Type           Power      Damage    Failure   Level
a - Magic Dart            Conj           100%       1d8       1%          1

Your spell library contained the following spells:

 Spells                   Type           Power      Damage    Failure   Level
 Searing Ray              Conj           96%        2d7       1%          2
 Static Discharge         Conj/Air       28%        3-7/arc   1%          2
 Dazzling Flash           Conj/Hex       56%        N/A       4%          3
 Sublimation of Blood     Necr           8%         N/A       11%         2
 Wereblood                Tmut           8%         N/A       11%         2
 Fulminant Prism          Conj/Hex       14%        3d9       14%         4
 Iskenderun's Mystic Bla  Conj/Tloc      28%        2d7       14%         4
 Lightning Bolt           Conj/Air       14%        1d27      36%         5
 Petrify                  Tmut/Erth      8%         N/A       56%         4
 Metabolic Englaciation   Hex/Ice        4%         N/A       89%         5
 Statue Form              Tmut/Erth      5%         N/A       100%        6
 Summon Hydra             Summ           4%         N/A       100%        7
 Maxwell's Capacitive Co  Air            4%         ∞         100%        8


Dungeon Overview and Level Annotations

Branches:
Dungeon (5/15)             Temple (1/1) D:4

Altars:
Elyvilon
Hepliaklqana
Kikubaaqudgha
Nemelex Xobeh
Qazlal
Ru
Trog
Uskayaw
Yredelemnul
Zin
Lugonu


Innate Abilities, Weirdness & Mutations

You sometimes lose your temper in combat.
You are frail. (-10% HP)
You have an increased reservoir of magic. (+10% MP)
You expend magic power (3 MP) to strengthen your wands.


Message History

Aiming: Magic Dart (safe; 1% risk of failure)
Press: ? - help, Shift-Dir - straight line, f/p - ogre
Aim: an ogre, wielding a +0 giant club (heavily wounded, 100% to hit)
The magic dart hits the ogre!
The ogre is severely wounded.
Casting: Magic Dart (safe; 1% risk of failure)
Confirm with . or Enter, or press ? or * to list all spells.
Aiming: Magic Dart (safe; 1% risk of failure)
Press: ? - help, Shift-Dir - straight line, f/p - ogre
Aim: an ogre, wielding a +0 giant club (severely wounded, 100% to hit)
The magic dart hits the ogre.
The ogre is almost dead.
Casting: Magic Dart (safe; 1% risk of failure)
Confirm with . or Enter, or press ? or * to list all spells.
Aiming: Magic Dart (safe; 1% risk of failure)
Press: ? - help, Shift-Dir - straight line, f/p - ogre
Aim: an ogre, wielding a +0 giant club (almost dead, 100% to hit)
The magic dart hits the ogre.
You kill the ogre!
Your Conjurations skill increases to level 8!
You have reached level 7!
You start resting.
Magic restored.
Things that are here:
a +1 dagger of venom; a +0 chain mail; the goblin corpse of Ijyb You start resting.
A centaur comes into view.
Casting: Magic Dart (safe; 1% risk of failure)
Confirm with . or Enter, or press ? or * to list all spells.
Aiming: Magic Dart (safe; 1% risk of failure)
Press: ? - help, Shift-Dir - straight line, f - centaur
Aim: a centaur, wearing a ring of ice (wandering, hasn't noticed you, 100% to hit)
The magic dart hits the centaur but does no damage.
The centaur shouts!
The centaur wields a +0 shortbow.
The centaur shoots an arrow.
The arrow hits you.
The centaur shoots an arrow.
The arrow hits you!
* * * LOW HITPOINT WARNING * * *
Unknown command.
The centaur shoots an arrow.
The arrow hits you!
You die...

##############
#............#.........
#.......<....+.........
#............#.........
#............#.........
#............#....)....
#............#.........
#............#.........
.######'########@#######
.........<....).........
........................
................).......
........................
........................
........................
.........c..............
........................


You could see a centaur.

Vanquished Creatures
  2 ogres
  3 orc priests
  A jelly (D:4)
  Ijyb (D:5)
  Natasha (thrice) (D:2)
  6 adders
  A river rat (D:4)
  2 worms (D:4)
  A dart slug (D:1)
  11 orcs
  4 ball pythons
  4 endoplasms
  6 giant cockroaches
  9 goblins
  9 hobgoblins
  A quokka (D:1)
  10 bats
  3 frilled lizards
  5 kobolds
  8 rats
90 creatures vanquished.

Notes
Turn   | Place    | Note
-------+----------+-------------------------------------------
     0 | D:1      | Locuples the Deep Elf Conjurer began the quest for the Orb.
     0 | D:1      | Reached XP level 1. HP: 10/10 MP: 6/6
   213 | D:1      | Reached XP level 2. HP: 15/15 MP: 2/8
   296 | D:1      | Reached skill level 5 in Conjurations
   834 | D:1      | Reached XP level 3. HP: 19/19 MP: 5/9
  1042 | D:1      | Found a faded altar of an unknown god.
  1682 | D:2      | Found a hide-covered altar of Uskayaw.
  1734 | D:2      | Noticed Natasha
  1765 | D:2      | Killed Natasha
  1766 | D:2      | Reached skill level 6 in Conjurations
  1766 | D:2      | Reached XP level 4. HP: 8/24 MP: 2/11
  1928 | D:2      | Noticed Natasha
  1931 | D:2      | Killed Natasha
  2033 | D:2      | Noticed Natasha
  2038 | D:2      | Killed Natasha
  2041 | D:2      | Reached XP level 5. HP: 12/28 MP: 5/13
  2520 | D:3      | You fall into a shaft and drop 1 floor!
  2520 | D:4      | Found a glowing silver altar of Zin.
  2611 | D:4      | Reached skill level 7 in Conjurations
  2725 | D:4      | Noticed an ogre
  2762 | D:4      | Killed an ogre
  2763 | D:4      | Reached skill level 5 in Spellcasting
  2763 | D:4      | Reached XP level 6. HP: 32/32 MP: 12/16
  2936 | D:4      | Found a white marble altar of Elyvilon.
  3042 | D:4      | Found a staircase to the Ecumenical Temple.
  3069 | Temple   | Entered the Ecumenical Temple
  3605 | D:5      | Entered Level 5 of the Dungeon
  3643 | D:5      | Noticed Ijyb
  3664 | D:5      | Gained mutation: You sometimes lose your temper in combat.
                  | [potion of mutation]
  3664 | D:5      | Gained mutation: You are frail. (-10% HP) [potion of
                  | mutation]
  3664 | D:5      | Gained mutation: You have an increased reservoir of magic.
                  | (+10% MP) [potion of mutation]
  3664 | D:5      | Gained mutation: You expend magic power (3 MP) to
                  | strengthen your wands. [potion of mutation]
  3667 | D:5      | Killed Ijyb
  3709 | D:5      | Reached skill level 8 in Conjurations
  3709 | D:5      | Reached XP level 7. HP: 13/32 MP: 5/20
  3829 | D:5      | Shot with an arrow by a centaur

Illustrated notes

Levels and vault maps discovered:
D:1:      dpeg_arrival_morbid_curiosity, layout_loops_ring,
          shapermc_ecumenical_altar_mp_highgroup
D:2:      layout_rooms, serial_curves, eino_curves_02, eino_curves_04,
          eino_curves_04, basic_altar, uniq_natasha
D:3:      layout_rooms, serial_shops, nicolae_shop_statue_plus,
          nicolae_underground_beach
D:4:      layout_basic, old_standard_altar, overflow_temple_1_default,
          minmay_temple_entry_purple_smoke, lightli_sewer_entry_pipes
D:5:      layout_gridville, hellmonk_ghost_happy_afterlife, chequers_arboretum,
          uniq_ijyb, uniq_blork_the_orc
Temple:   corrupted_temple

Skill      XL: |  1  2  3  4  5  6 |
---------------+-------------------+-----
Conjurations   | 5 6 7 8 |  8.0
Spellcasting   | 4 5 6 |  6.5
Dodging        | |  2.4
Stealth        | |  2.4

Action                   |  1- 3 |  4- 6 |  7- 9 || total
-------------------------+-------+-------+-------++-------
Melee: Unarmed           |     1 |     2 |       ||     3
       Quarterstaff      |       |     7 |       ||     7
 Cast: Magic Dart        |    85 |   129 |     1 ||   215
  Use: Potion            |       |     3 |       ||     3
Armor: Robe              |    19 |    16 |       ||    35
Dodge: Dodged            |    26 |    33 |       ||    59

Table legend: (Time is in decaauts)
 A = Elapsed time spent in this place.
 B = Non-inter-level travel time spent in this place.
 C = Inter-level travel time spent in this place.
 D = Time resting spent in this place.
 E = Time spent auto-exploring this place.
 F = Levels seen in this place.
 G = Mean time per level.
                   A        B        C        D        E       F      G
               +--------+--------+--------+--------+--------+-----+--------+
         Total |   3878 |   3878 |      0 |    606 |   2581 |   6 |  646.3 |
       Dungeon |   3759 |   3759 |      0 |    606 |   2510 |   5 |  751.8 |
        Temple |    119 |    119 |      0 |      0 |     71 |   1 |  119.0 |
               +--------+--------+--------+--------+--------+-----+--------+

Top non-repeatable levels by time:
     D:1: 1237 daAuts
     D:2: 1158 daAuts
     D:4: 1002 daAuts
     D:5: 222 daAuts
     D:3: 138 daAuts
  Temple: 119 daAuts
